 Dungeon Crawl Stone Soup version 0.29.1-15-g9cfb28693d (webtiles) character file.

Game seed: 5131863072328445270

3080 Smoke131 the Firebug (level 9, -1/78 HPs)
             Began as a Green Draconian Fire Elementalist on Feb 22, 2023.
             Was a Follower of Vehumet.
             Slain by a troll (5 damage)
             ... on level 8 of the Dungeon.
             The game lasted 00:22:04 (8102 turns).

Smoke131 the Firebug (DrFE)                         Turns: 8102, Time: 00:22:04

Health: -1/78      AC:  9    Str: 10    XL:     9   Next: 58%
Magic:  7/16       EV: 14    Int: 25    God:    Vehumet [*.....]
Gold:   588        SH:  4    Dex: 14    Spells: 7/18 levels left

rFire   . . .      SeeInvis .   c - +6 great sword of Grontol {venom, Int+4 Dex+3}
rCold   + . .      Faith    .   (shield currently unavailable)
rNeg    . . .      Spirit   .   (body armour unavailable)
rPois   +          Reflect  .   (helmet restricted)
rElec   .          Harm     .   p - +1 cloak {Will+}
rCorr   .          Rampage  .   (no gloves)
Will    +....      Clarity  +   (no boots)
Stlth   ++........              (no amulet)
HPRegen 0.23/turn               g - ring of protection from cold
MPRegen 0.15/turn               (no ring)

@: no status effects
A: breathe noxious fumes, AC +7, unfitting armour, poison resistance,
cold-blooded, large bone plates 1, clarity
a: Breathe Noxious Fumes, Renounce Religion


You were on level 8 of the Dungeon.
You worshipped Vehumet.
Vehumet was aware of your devotion.
You visited 2 branches of the dungeon, and saw 9 of its levels.

You collected 588 gold pieces.

Inventory:

Hand Weapons
 c - the +6 great sword of Grontol (weapon) {venom, Int+4 Dex+3}
   (You acquired it on level 4 of the Dungeon)

   It poisons the flesh of those it strikes.
   Int:       It affects your intelligence (+4).
   Dex:       It affects your dexterity (+3).
Missiles
 f - 2 throwing nets
Armour
 p - a +1 cloak of willpower (worn)
Jewellery
 g - a ring of protection from cold (left hand)
 l - a +6 ring of strength
 u - an amulet of faith
 v - the ring "Hiesugecw" {Ice Fly Will++}
   (You found it on level 5 of the Dungeon)

   [ring of ice]

   It enhances your ice magic.
   rF:        It makes you vulnerable to fire.
   rC:        It protects you from cold.
   Fly:       It grants you flight.
   Will:      It greatly increases your willpower.
Wands
 k - a wand of flame (15)
 t - a wand of digging (4)
Scrolls
 h - a scroll of enchant weapon
 o - a scroll of noise {unknown}
 q - 3 scrolls of identify
 w - a scroll of vulnerability {unknown}
 x - a scroll of butterflies {unknown}
Potions
 a - 2 potions of magic
 b - 2 potions of haste
 d - 3 potions of lignification
 e - 2 potions of berserk rage {unknown}
 i - 3 potions of attraction {unknown}
 j - 3 potions of mutation
 m - a potion of brilliance {unknown}
 n - a potion of flight {unknown}
 s - 5 potions of curing {unknown}


   Skills:
 + Level 6.6 Fighting
 + Level 6.0 Dodging
 - Level 1.7 Stealth
 - Level 5.0 Spellcasting
 + Level 6.2 Conjurations
 + Level 6.9 Fire Magic


You had 7 spell levels left.
You knew the following spells:

 Your Spells              Type           Power      Damage    Failure   Level
a - Foxfire               Conj/Fire      100%       2x1d9     1%          1
b - Scorch                Fire           82%        2d9       1%          2
c - Conjure Flame         Conj/Fire      39%        6-21      1%          3
d - Flame Wave            Conj/Fire      39%        2d11      5%          4
z - Magic Dart            Conj           100%       1d8       1%          1

Your spell library contained the following spells:

 Spells                   Type           Power      Damage    Failure   Level
 Inner Flame              Hex/Fire       23%        N/A       6%          3
 Dazzling Flash           Conj/Hex       42%        N/A       7%          3
 Poisonous Vapours        Pois/Air       12%        N/A       12%         2
 Iskenderun's Mystic Bla  Conj/Tloc      21%        2d6       22%         4
 Animate Dead             Necr           6%         N/A       63%         4
 Corpse Rot               Necr/Pois/Air  6%         N/A       63%         4
 Passage of Golubria      Tloc           6%         N/A       63%         4
 Starburst                Conj/Fire      19%        6d7       63%         6
 Silence                  Hex/Air        3%         N/A       92%         5
 Haunt                    Necr/Summ      3%         N/A       100%        7
 Infestation              Necr           3%         N/A       100%        8
 Lehudib's Crystal Spear  Conj/Erth      10%        10d4      100%        8


Dungeon Overview and Level Annotations

Branches:
Dungeon (8/15)             Temple (1/1) D:6
   Lair: D:8-11

Altars:
Ashenzari
Dithmenos
Fedhas
Gozag
Kikubaaqudgha
Makhleb
Nemelex Xobeh
Okawaru
Qazlal
Trog
Uskayaw
Vehumet
Wu Jian
Xom
Yredelemnul
The Shining One

Shops:
D:4 =

Annotations:
D:7 1 runed translucent door


Innate Abilities, Weirdness & Mutations

You can breathe blasts of noxious fumes.
Your lurid green scales are hard. (AC +7)
You cannot fit into any form of body armour.
Your system is resistant to poisons. (rPois)
You are cold-blooded and may be slowed by cold attacks.
You are partially covered in large bone plates. (SH +4)
You possess an exceptional clarity of mind.


Message History

The troll's fire resistance burns away.
The foxfire hits the troll!
The troll is burned terribly!
The troll is severely wounded.
The six-headed hydra is engulfed in blazing flames.
The six-headed hydra bites you! The six-headed hydra barely misses you.
The six-headed hydra bites you!
The six-headed hydra completely misses you.
The six-headed hydra bites you! x2; The troll bites you but does no damage.
The troll misses you. The troll barely misses you.
Casting: Scorch (safe; 1% risk of failure)
Confirm with . or Enter, or press ? or * to list all spells.
Flames lash the troll.
The troll is burned terribly!
The troll is severely wounded.
The six-headed hydra is engulfed in blazing flames.
The six-headed hydra closely misses you.
The six-headed hydra bites you.
The six-headed hydra closely misses you.
The six-headed hydra bites you but does no damage.
The six-headed hydra bites you. The six-headed hydra bites you!
The troll bites you. The troll misses you. The troll claws you!
* * * LOW HITPOINT WARNING * * *
Found 17 gold pieces and 5 stones.
The six-headed hydra is engulfed in blazing flames.
The troll bites you.
* * * LOW HITPOINT WARNING * * *
The troll claws you!
* * * LOW HITPOINT WARNING * * *
The troll claws you.
* * * LOW HITPOINT WARNING * * *
You feel much better.
The six-headed hydra closely misses you.
The six-headed hydra bites you but does no damage.
The six-headed hydra closely misses you.
You block the six-headed hydra's attack.
The six-headed hydra bites you!
* * * LOW HITPOINT WARNING * * *
The six-headed hydra bites you!
* * * LOW HITPOINT WARNING * * *
The troll bites you.
You die...

.............# ##...
............#####.##
####..........#....#
#...##..........#..##
###........#..###..#
#(##.....##..###..
#ยง#.......#...#P.D
##D#..##....#..##P.
#.@T.###<#.....##P.
##...##..........P.
...###............
...................
.........###........
.......... ........
........... .....>..
.($........#. .##....
...... ...


You could see a six-headed hydra (combustible) and a troll (combustible).

Vanquished Creatures
  Pikel (D:7)
  Grinder (D:6)
  Eustachio (D:4)
  A steam dragon (D:7)
  Menkaure (D:4)
  A water moccasin (D:7)
  2 ice beasts
  2 black bears (D:4)
  An ogre (D:7)
  A centaur (D:7)
  A phantom (D:5)
  A lemure (D:7)
  A bullfrog (D:7)
  2 scorpions (D:6)
  A necrophage (D:6)
  A gnoll sergeant (D:6)
  5 killer bees (D:7)
  A howler monkey (D:4)
  2 hounds (D:6)
  4 orc priests
  Crazy Yiuf (D:4)
  Ijyb (D:3)
  A human skeleton (D:7)
  4 iguanas
  Natasha (thrice) (D:4)
  An orc wizard (D:4)
  13 adders
  5 gnolls (D:6)
  A white imp (D:6)
  An ufetubus (D:6)
  A dart slug (D:2)
  28 orcs
  6 endoplasms
  3 giant cockroaches
  13 goblins
  5 hobgoblins
  4 jackals (D:4)
  4 kobolds
  3 quokkas
  6 ball pythons
  7 bats
  2 frilled lizards
  A goblin skeleton (D:7)
  4 rats
149 creatures vanquished.

Vanquished Creatures (others)
  A frilled lizard (D:2)
  168 foxfires
  3 fungi (D:8)
172 creatures vanquished.

Grand Total: 321 creatures vanquished

Notes
Turn   | Place    | Note
-------+----------+-------------------------------------------
     0 | D:1      | Smoke131 the Draconian Fire Elementalist began the quest
                  | for the Orb.
     0 | D:1      | Reached XP level 1. HP: 14/14 MP: 3/3
   281 | D:1      | Reached XP level 2. HP: 20/22 MP: 5/5
   373 | D:1      | Learned a level 2 spell: Scorch
   675 | D:2      | Reached skill level 1 in Fighting
  1010 | D:2      | Reached XP level 3. HP: 28/28 MP: 6/6
  1160 | D:2      | Reached XP level 4. HP: 33/35 MP: 1/7
  1222 | D:2      | Learned a level 3 spell: Conjure Flame
  1228 | D:2      | Found a glowing golden altar of the Shining One.
  1731 | D:3      | Noticed Ijyb
  1737 | D:3      | Killed Ijyb
  1940 | D:3      | Reached XP level 5. HP: 41/41 MP: 6/9
  2595 | D:3      | Found a bloodstained altar of Trog.
  2639 | D:4      | Identified a scroll of acquirement
  2639 | D:4      | Acquired the +6 great sword of Grontol {venom, Int+4 Dex+3}
  2814 | D:4      | Noticed Natasha
  2817 | D:4      | Killed Natasha
  3039 | D:4      | Found Kalu's Jewellery Shop.
  3131 | D:4      | Reached XP level 6. HP: 50/50 MP: 3/10
  3239 | D:4      | Noticed Natasha
  3244 | D:4      | Killed Natasha
  3272 | D:4      | Noticed Eustachio
  3282 | D:4      | Killed Eustachio
  3283 | D:4      | Your scales start taking on a lurid green colour.
  3283 | D:4      | Reached XP level 7. HP: 55/57 MP: 2/12
  3283 | D:4      | Gained mutation: Your system is resistant to poisons.
                  | (rPois) [Green Draconian growth]
  3292 | D:4      | Gained mutation: You have hidden genetic defects. [potion
                  | of mutation]
  3292 | D:4      | Gained mutation: You possess an exceptional clarity of
                  | mind. [potion of mutation]
  3406 | D:4      | Noticed Natasha
  3409 | D:4      | Killed Natasha
  3620 | D:4      | Noticed Menkaure
  3627 | D:4      | Killed Menkaure
  3638 | D:4      | Gained mutation: You are weak. (Str -2) [hidden defects]
  3896 | D:4      | Found a runed translucent door.
  3897 | D:4      | Noticed Crazy Yiuf
  3902 | D:4      | Killed Crazy Yiuf
  4125 | D:5      | Entered Level 5 of the Dungeon
  4331 | D:4      | Reached skill level 5 in Fire Magic
  4343 | D:4      | Gained mutation: You occasionally shout uncontrollably at
                  | your foes. [hidden defects]
  4343 | D:4      | Lost mutation: You have hidden genetic defects. [hidden
                  | defects expressed]
  4453 | D:4      | Lost mutation: You are weak. (Str -2) [potion of mutation]
  4453 | D:4      | Lost mutation: You occasionally shout uncontrollably at
                  | your foes. [potion of mutation]
  4453 | D:4      | Gained mutation: You are partially covered in large bone
                  | plates. (SH +4) [potion of mutation]
  4655 | D:5      | Reached XP level 8. HP: 54/66 MP: 14/14
  4975 | D:5      | Identified the ring "Hiesugecw" {Ice Fly Will++}
  5159 | D:6      | Found a burning altar of Makhleb.
  6010 | D:6      | Found a staircase to the Ecumenical Temple.
  6010 | D:6      | Noticed Grinder
  6014 | D:6      | Killed Grinder
  6015 | D:6      | Reached skill level 5 in Fighting
  6020 | Temple   | Entered the Ecumenical Temple
  6153 | Temple   | Became a worshipper of Vehumet
  6186 | D:6      | Learned a level 4 spell: Flame Wave
  6251 | D:6      | Reached skill level 5 in Spellcasting
  6251 | D:6      | Reached skill level 5 in Conjurations
  6266 | D:7      | Reached skill level 5 in Dodging
  6360 | D:7      | Reached XP level 9. HP: 43/74 MP: 7/16
  6568 | D:7      | Noticed Pikel
  6585 | D:7      | Killed Pikel
  7101 | D:7      | Found a runed translucent door.
  7111 | D:7      | Found a basalt altar of Yredelemnul.
  7371 | D:7      | Reached * piety under Vehumet
  7371 | D:7      | Offered knowledge of Magic Dart by Vehumet.
  7477 | D:7      | Learned a level 1 spell: Magic Dart
  8073 | D:8      | Noticed a six-headed hydra
  8076 | D:8      | Noticed a troll
  8102 | D:8      | Slain by a troll

Illustrated notes

Levels and vault maps discovered:
D:1:      erik_arrival_blinker_ship, layout_rooms
D:2:      layout_rooms, basic_altar
D:3:      minmay_spotlight, layout_basic, lightli_temple_of_fire, uniq_ijyb
D:4:      minmay_inner_zag, layout_basic, serial_shops, nicolae_stop_n_shop_2,
          serial_rivers, chequers_serial_rivers_room_a,
          chequers_serial_rivers_small_3, chequers_serial_rivers_micro_a,
          chequers_serial_rivers_small_b, chequers_serial_rivers_micro_b,
          chequers_serial_rivers_room_a, hangedman_abyss_or_decor_slice,
          uniq_eustachio, uniq_crazy_yiuf_cottage, uniq_menkaure, uniq_natasha
D:5:      layout_basic, roderic_roman_lattice, hangedman_decor_push
D:6:      layout_loops_ring, makhleb_blood_cavern_becter,
          minmay_temple_entry_enclosed_plants, uniq_grinder
D:7:      layout_basic, dk_yredelemnul_ordeal, enter_bailey_3, uniq_pikel
D:8:      layout_layer_cave, old_standard_altar,
          nicolae_ru_great_annihilating_truth,
          mainiacjoe_overflow_catch_the_wave, hellmonk_guarded_unrand_vines
Temple:   regret_index_temple_waves

Skill      XL: |  1  2  3  4  5  6  7  8  9 |
---------------+----------------------------+-----
Dodging        | 2 3 4 5 6 |  6.0
Fighting       | 1 2 3 4 5 6 |  6.6
Conjurations   | 2 3 4 5 6 |  6.2
Spellcasting   | 3 4 5 |  5.0
Fire Magic     | 4 5 6 |  6.9
Stealth        | |  1.7

Action                   |  1- 3 |  4- 6 |  7- 9 || total
-------------------------+-------+-------+-------++-------
Melee: Unarmed           |    17 |       |       ||    17
       Club              |     8 |       |       ||     8
       Dagger            |    30 |    21 |       ||    51
       Tailslap          |     2 |     4 |    16 ||    22
       Great sword       |       |    33 |   124 ||   157
       Falchion          |       |     2 |       ||     2
 Cast: Foxfire           |    41 |    39 |    20 ||   100
       Scorch            |       |    15 |    65 ||    80
       Conjure Flame     |       |       |     2 ||     2
 Abil: Breathe Noxious F |       |       |     1 ||     1
  Use: Scroll            |       |     6 |     3 ||     9
       Potion            |       |       |     4 ||     4
 Stab: Sleeping          |       |     1 |     4 ||     5
       Distracted        |       |     1 |       ||     1
Armor: Skin              |    40 |    39 |    80 ||   159
Dodge: Dodged            |    62 |    55 |   171 ||   288
Block: Other             |       |       |    29 ||    29
